 Dungeon Crawl Stone Soup version 0.26-a0-818-g75db068ed4 (webtiles) character file.

Game seed: 16118294047613642170

12757 selver the Tainter (level 11, -2/85 HPs)
             Began as a Grey Draconian Venom Mage on Nov 14, 2020.
             Was an Elder of Vehumet.
             Slain by a cane toad (16 damage)
             ... on level 1 of the Lair of Beasts on Nov 15, 2020.
             The game lasted 01:04:00 (13876 turns).

selver the Tainter (Grey Draconian Venom Mage)     Turns: 13876, Time: 01:04:01

Health: -2/85      AC: 12    Str: 10    XL:     11   Next: 66%
Magic:  5/21       EV: 14    Int: 22    God:    Vehumet [****..]
Gold:   582        SH:  0    Dex: 13    Spells: 1/24 levels left

rFire    + . .     SeeInvis .   b - +9 staff of Olgreb {rPois∞}
rCold    . . .     Faith    .   (no shield)
rNeg     + + .     Spirit   .   (armour unavailable)
rPois    ∞         Reflect  .   (helmet restricted)
rElec    .         Harm     .   C - scarf {+Inv}
rCorr    .         Rampage  .   (no gloves)
MR       .....                  (no boots)
Stlth    ++........             u - amulet "Myrcham" {RegenMP rF+ rN+}
HPRegen  0.24/turn              h - ring of positive energy
MPRegen  0.42/turn              y - +6 ring of intelligence

@: about to teleport, very slightly contaminated
A: walk through water, unfitting armour, hooves 1, dopey 1, unbreathing,
cold-blooded, AC +12
a: Renounce Religion, Evoke Invisibility


You were on level 1 of the Lair of Beasts.
You worshipped Vehumet.
Vehumet was greatly pleased with you.
You visited 3 branches of the dungeon, and saw 13 of its levels.
You also visited: Ossuary.

You collected 784 gold pieces.
You spent 202 gold pieces at shops.

Inventory:

Hand Weapons
 a - the +7 long sword "Moimodats" {venom, MR+ Str+2}
   (You found it on level 7 of the Dungeon)

   It poisons the flesh of those it strikes.
   It affects your strength (+2).
   It affects your resistance to hostile enchantments.
 b - the +9 staff of Olgreb (weapon) {rPois∞}
   (You acquired it in an ossuary)

   It grants immunity to poison.
 g - a +0 flail of holy wrath
 m - the +2 dagger "Qoehew" {venom, rF+++ MP-9 Dex+2}
   (You found it on level 7 of the Dungeon)

   It poisons the flesh of those it strikes.
   It affects your dexterity (+2).
   It renders you almost immune to fire.
   It affects your magic capacity (-9).
 z - a +1 spear of venom
Missiles
 q - 105 stones (quivered)
Armour
 C - a scarf of invisibility (worn)
Magical Staves
 I - an uncursed staff of earth
 J - an uncursed staff of fire
Jewellery
 h - a ring of positive energy (left hand)
 j - an uncursed ring of protection from magic
 t - the ring of Jiuc {*Corrode rC+ MR++}
   (You found it on level 8 of the Dungeon)

   [ring of protection from cold]

   It protects you from cold.
   It affects your resistance to hostile enchantments.
   It may corrode you when you take damage.
 u - the amulet "Myrcham" (around neck) {RegenMP rF+ rN+}
   (You bought it in a shop on level 5 of the Dungeon)

   [amulet of magic regeneration]

   It increases your magic regeneration.
   It protects you from fire.
   It protects you from negative energy.
 y - a +6 ring of intelligence (right hand)
 D - an uncursed amulet of reflection
 H - a +6 ring of dexterity
 K - an uncursed ring of protection from fire {unknown}
Wands
 o - a wand of iceblast (30)
 p - a wand of enslavement (17)
 v - a wand of acid (8)
 A - a wand of paralysis (11)
 G - a wand of flame (23)
Scrolls
 c - 9 scrolls of remove curse
 d - 6 scrolls of immolation
 e - 7 scrolls of enchant weapon
 i - 3 scrolls of teleportation
 k - a scroll of fog
 l - a scroll of blinking
 x - 3 scrolls of magic mapping
 E - a scroll of amnesia
 M - a scroll of identify
Potions
 f - 2 potions of brilliance
 n - 4 potions of curing
 r - 2 potions of ambrosia
 s - a potion of might
 w - a potion of haste
 B - a potion of lignification
Miscellaneous
 F - a condenser vane


   Skills:
 + Level 4.7 Fighting
 * Level 6.4 Staves
 + Level 4.5 Dodging
 - Level 1.7 Stealth
 + Level 7.0 Spellcasting
 * Level 8.0 Conjurations
 - Level 3.9 Transmutations
 - Level 3.0 Fire Magic
 - Level 2.8 Air Magic
 - Level 4.3 Earth Magic
 - Level 8.2 Poison Magic
 * Level 6.3 Evocations


You had one spell level left.
You knew the following spells:

 Your Spells              Type           Power        Failure   Level
a - Sting                 Tmut/Pois      ####         1%          1
b - Poisonous Vapours     Pois/Air       #####.       1%          2
c - Sandblast             Erth           ####..       1%          1
d - Olgreb's Toxic Radia  Pois           ######..     1%          4
e - Ignite Poison         Fire/Tmut/Pois #####...     1%          3
f - Mephitic Cloud        Conj/Pois/Air  ######..     1%          3
g - Iskenderun's Mystic   Conj/Tloc      ####....     4%          4
h - Iskenderun's Battles  Conj           #####...     2%          5

Your spell library contained the following spells:

 Spells                   Type           Power        Failure   Level
 Foxfire                  Conj/Fire      ####         1%          1
 Magic Dart               Conj           ####         1%          1
 Conjure Flame            Conj/Fire      ####....     1%          3
 Static Discharge         Conj/Air       ####....     1%          3
 Sticky Flame             Conj/Fire      ####....     2%          4
 Inner Flame              Hex/Fire       ##......     3%          3
 Fireball                 Conj/Fire      ####......   7%          5
 Lightning Bolt           Conj/Air       ####......   7%          5
 Blink                    Tloc           N/A          12%         2
 Call Imp                 Summ           #.......     12%         2
 Slow                     Hex            #.......     12%         2
 Ignition                 Fire           ###.......   100%        8
 Shatter                  Erth           ####......   100%        9
 Tornado                  Air            ###.......   100%        9


Dungeon Overview and Level Annotations

Branches:
Dungeon (11/15)            Temple (1/1) D:4            Lair (1/6) D:10
Ossuary (visited)
    Orc: D:9-12

Altars:
Ashenzari
Cheibriados
Dithmenos
Elyvilon
Fedhas
Gozag
Makhleb
Nemelex Xobeh
Qazlal
Uskayaw
Vehumet
Wu Jian
Xom
Yredelemnul
Zin
The Shining One

Shops:
D:5 *   D:7 :   D:10 (

Annotations:
D:5 3 runed translucent doors, sahdkjhfkaj's ghost, novice KoBe


Innate Abilities, Weirdness & Mutations

You can walk through water.
Your dull iron-grey scales are very hard. (AC +12)
You cannot fit into any form of body armour.
You can survive without breathing.
You are cold-blooded and may be slowed by cold attacks.
You have large cloven feet.
You are dopey. (Int -2)


Message History

Casting: Iskenderun's Battlesphere (dangerous; 2% risk of failure)
Confirm with . or Enter, or press ? or * to list all spells.
You feel a surge of power!
You begin to radiate toxic energy.
The blink frog looks even sicker.
The blink frog looks as sick as possible!
The blink frog hits you. The cane toad stings you! x2
Unknown command.
As you read the scroll of teleportation, it crumbles to dust.
You feel strangely unstable.
The blink frog looks as sick as possible!
Your toxic aura wanes.
The blink frog barely misses you. The cane toad stings you!
The cane toad barely misses you. The black mamba bites you.
The blink frog hits you. The cane toad stings you!!
* * * LOW HITPOINT WARNING * * *
You feel better. The black mamba bites you!
* * * LOW HITPOINT WARNING * * *
A water moccasin comes into view.
The cane toad stings you!
You die...

# ### ####.###### ..........#
..........#P## .##
.....#..####.$# ## ....
......######$.S#####.# ...#
.....##...# #.PF#....#....#
.....##...# #°F@F...#....#
..........# ##S..........#...#.
.....##...# #..≈##..#....#.....
......#...# #..###..+...#.....##
..[..###### #..# #..#...........
.....###### #..###..#...........
..........# ##..##≈..#...........
..........# #........#...........
..........###P.......#.........†.


You could see a black mamba, 2 cane toads, a blink frog (extremely poisoned) and
a water moccasin.

Vanquished Creatures
  Snorg (D:10)
  Urug (D:10)
  A deep elf knight (D:10)
  An unseen horror (D:10)
  An orc knight (D:10)
  A wolf spider (D:10)
  A deep elf mage (D:10)
  4 cane toads (Lair:1)
  Maggie (D:8)
  A cane toad (shapeshifter) (D:10)
  2 komodo dragons (Lair:1)
  A yaktaur (D:10)
  Prince Ribbit (D:8)
  A redback (shapeshifter) (D:10)
  A wyvern (D:10)
  6 yaks
  An acid dragon (D:11)
  5 water moccasins (Lair:1)
  2 ice beasts
  3 sky beasts
  An orc warrior (D:7)
  A black bear (D:10)
  2 phantoms
  5 ogres
  8 centaurs
  3 big kobolds
  An elf zombie (Ossuary)
  9 bullfrogs
  A gnoll sergeant (D:8)
  A water moccasin skeleton (D:4)
  3 wights (D:10)
  A howler monkey (D:4)
  A bullfrog zombie (D:6)
  3 human zombies (Ossuary)
  2 centaur zombies (Ossuary)
  5 orc priests
  2 hounds (D:4)
  5 jellies
  2 bullfrog skeletons
  A centaur skeleton (D:4)
  An iguana (D:8)
  8 worker ants
  10 orc wizards
  3 big kobold zombies (Ossuary)
  2 hound zombies (Ossuary)
  3 hound skeletons
  4 mummies
  7 gnolls
  17 adders
  2 shadow imps
  A worker ant simulacrum (D:10)
  2 ufetubi
  An ooze (D:7)
  3 adder skeletons (D:4)
  4 adder zombies (Ossuary)
  4 worms
  4 dart slugs
  5 leopard geckos
  29 orcs
  A ball python (D:1)
  9 bats
  6 giant cockroaches
  2 gnoll zombies (Ossuary)
  5 goblins
  4 hobgoblins
  12 jackals
  20 kobolds
  5 quokkas
  A ball python zombie (D:6)
  7 frilled lizards
  5 goblin zombies (Ossuary)
  4 hobgoblin zombies
  3 jackal zombies
  6 kobold zombies
  4 orc zombies
  2 quokka zombies
  7 rats
  2 rat zombies (Ossuary)
308 creatures vanquished.

Vanquished Creatures (others)
  5 fungi (Lair:1)
  7 plants (Lair:1)
12 creatures vanquished.

Grand Total: 320 creatures vanquished

Notes
Turn   | Place    | Note
-------+----------+-------------------------------------------
     0 | D:1      | selver the Draconian Venom Mage began the quest for the
                  | Orb.
     0 | D:1      | Reached XP level 1. HP: 14/14 MP: 3/3
   141 | D:1      | Reached XP level 2. HP: 19/20 MP: 0/5
   596 | D:1      | Learned a level 2 spell: Poisonous Vapours
   972 | D:2      | Reached XP level 3. HP: 26/26 MP: 2/6
  1489 | D:2      | Reached skill level 1 in Air Magic
  1489 | D:2      | Reached XP level 4. HP: 30/33 MP: 0/7
  2076 | D:2      | Found a radiant altar of Vehumet.
  2079 | D:2      | Became a worshipper of Vehumet
  2226 | D:2      | Reached XP level 5. HP: 38/38 MP: 3/9
  2277 | D:2      | Found a broken altar of Ashenzari.
  2675 | D:3      | Found a blossoming altar of Fedhas.
  2676 | D:3      | Found a shadowy altar of Dithmenos.
  2697 | D:3      | Noticed a +0 dagger
  2698 | D:3      | Found a hide-covered altar of Uskayaw.
  2698 | D:3      | Noticed a +0 hand axe
  2875 | D:3      | Reached * piety under Vehumet
  2875 | D:3      | Offered knowledge of Sandblast by Vehumet.
  2937 | D:3      | Learned a level 1 spell: Sandblast
  2942 | D:3      | Learned a level 4 spell: Olgreb's Toxic Radiance
  3067 | D:4      | Found a staircase to the Ecumenical Temple.
  3081 | D:4      | Reached skill level 5 in Poison Magic
  3266 | D:4      | Noticed a phantom
  3715 | Temple   | Entered the Ecumenical Temple
  4058 | D:4      | Reached skill level 1 in Earth Magic
  4058 | D:4      | Reached XP level 6. HP: 39/45 MP: 5/10
  4208 | D:4      | Gained mutation: You tend to lose your temper in combat.
                  | [potion of mutation]
  4208 | D:4      | Gained mutation: You evolve. [potion of mutation]
  4208 | D:4      | Lost mutation: You tend to lose your temper in combat.
                  | [potion of mutation]
  4218 | D:4      | HP: 2/45 [water moccasin skeleton (5)]
  4741 | D:4      | Found a white marble altar of Elyvilon.
  4766 | D:4      | Your scales start taking on a dull iron-grey colour.
  4766 | D:4      | Reached XP level 7. HP: 47/50 MP: 9/12
  4766 | D:4      | Gained mutation: You can survive without breathing. [Grey
                  | Draconian growth]
  4997 | D:4      | Reached ** piety under Vehumet
  5092 | D:4      | Offered knowledge of Searing Ray by Vehumet.
  5097 | D:4      | Learned a level 3 spell: Ignite Poison
  5101 | D:4      | Learned a level 3 spell: Mephitic Cloud
  5284 | D:4      | Found a sparkling altar of Nemelex Xobeh.
  5316 | D:4      | Found a burning altar of Makhleb.
  5316 | D:4      | Found a glowing silver altar of Zin.
  5317 | D:4      | Noticed an angel
  5317 | D:4      | Noticed a green death
  5412 | D:4      | Found a shimmering altar of Xom.
  5414 | D:4      | Found an opulent altar of Gozag.
  5414 | D:4      | Found a glowing silver altar of Zin.
  5416 | D:4      | Found a sparkling altar of Nemelex Xobeh.
  5416 | D:4      | Found a stormy altar of Qazlal.
  5416 | D:4      | Found a shimmering altar of Xom.
  5506 | D:4      | Gained mutation: You are dopey. (Int -2) [evolution]
  5826 | D:5      | Entered Level 5 of the Dungeon
  5939 | D:5      | Reached skill level 1 in Conjurations
  5939 | D:5      | Reached skill level 1 in Fire Magic
  6162 | D:5      | Offered knowledge of Frozen Ramparts by Vehumet.
  6243 | D:5      | Reached XP level 8. HP: 41/57 MP: 8/14
  6429 | D:5      | Found Kujed's Assorted Antiques.
  6437 | D:5      | Bought a glittering zirconium amulet for 140 gold pieces
  6447 | D:5      | Identified the amulet "Myrcham" {RegenMP rF+ rN+} (You
                  | bought it in a shop on level 5 of the Dungeon)
  6932 | D:5      | Noticed sahdkjhfkaj's ghost (novice KoBe)
  6940 | D:5      | Found a runed translucent gate.
  6940 | D:5      | Found a runed translucent gate.
  6942 | D:5      | Found a runed translucent gate.
  7394 | D:6      | Reached *** piety under Vehumet
  7972 | D:7      | Found a basalt altar of Yredelemnul.
  8027 | D:7      | Offered knowledge of Iskenderun's Mystic Blast by Vehumet.
  8028 | D:7      | Reached skill level 5 in Spellcasting
  8028 | D:7      | Found Kimegute's Book Emporium.
  8146 | D:7      | Reached XP level 9. HP: 62/62 MP: 16/16
  8171 | D:7      | Found a stormy altar of Qazlal.
  8189 | D:7      | Got a smoking dagger
  8197 | D:7      | Identified the cursed +2 dagger "Qoehew" {venom, rF+++ MP-9
                  | Dex+2} (You found it on level 7 of the Dungeon)
  8245 | D:7      | Got a scorched long sword
  8246 | D:7      | Identified the +7 long sword "Moimodats" {venom, MR+ Str+2}
                  | (You found it on level 7 of the Dungeon)
  8651 | D:7      | Learned a level 4 spell: Iskenderun's Mystic Blast
  8835 | D:8      | Found a sand-covered staircase.
  8851 | Ossuary  | Entered an ossuary
  8935 | Ossuary  | Reached **** piety under Vehumet
  9122 | Ossuary  | Offered knowledge of Hailstorm by Vehumet.
  9331 | Ossuary  | Identified a scroll of acquirement
  9331 | Ossuary  | Acquired the +9 staff of Olgreb {rPois∞}
  9332 | Ossuary  | Found the +9 staff of Olgreb {rPois∞}
  9373 | D:8      | Noticed Maggie
  9389 | D:8      | Killed Maggie
  9390 | D:8      | Reached skill level 1 in Fighting
  9390 | D:8      | Reached skill level 1 in Staves
  9390 | D:8      | Reached skill level 1 in Evocations
  9541 | D:8      | Reached skill level 5 in Conjurations
  9697 | D:8      | Noticed Prince Ribbit
  9700 | D:8      | Killed Prince Ribbit
  9782 | D:8      | Found a snail-covered altar of Cheibriados.
  9783 | D:8      | Found a glowing golden altar of the Shining One.
  9789 | D:8      | Got a smoking silver ring
  9837 | D:8      | Reached ***** piety under Vehumet
 10116 | D:8      | Offered knowledge of Iskenderun's Battlesphere by Vehumet.
 10204 | D:9      | Reached XP level 10. HP: 73/73 MP: 13/18
 10350 | D:9      | Identified the ring of Jiuc {*Corrode rC+ MR++} (You found
                  | it on level 8 of the Dungeon)
 10741 | D:9      | Found an ornate altar of the Wu Jian Council.
 10782 | D:9      | Gained mutation: You have large cloven feet. [evolution]
 10782 | D:9      | Lost mutation: You evolve. [end of evolution]
 11088 | D:10     | Entered Level 10 of the Dungeon
 11319 | D:10     | Found a staircase to the Lair.
 11358 | D:10     | Noticed Snorg
 11400 | D:10     | Killed Snorg
 11576 | D:10     | Found Emeon's Weapon Boutique.
 11586 | D:10     | Bought 20 stones for 20 gold pieces
 11586 | D:10     | Bought 20 stones for 20 gold pieces
 11586 | D:10     | Bought 22 stones for 22 gold pieces
 11623 | D:10     | Noticed Urug
 11631 | D:10     | Killed Urug
 11670 | D:10     | Killed an unseen horror
 11836 | D:10     | Noticed a deep elf mage
 11839 | D:10     | Noticed an orc knight
 11840 | D:10     | Killed a deep elf mage
 11841 | D:10     | Reached skill level 5 in Staves
 11841 | D:10     | Reached skill level 5 in Evocations
 11841 | D:10     | Reached XP level 11. HP: 83/83 MP: 20/20
 11859 | D:10     | Killed an orc knight
 11883 | D:10     | Noticed a mana viper
 11884 | D:10     | a mana viper changed into a guardian serpent
 11960 | D:10     | Noticed a wolf spider
 11960 | D:10     | Noticed a deep elf knight
 11964 | D:10     | Killed a wolf spider
 11964 | D:10     | Killed a deep elf knight
 12119 | D:10     | Learned a level 5 spell: Iskenderun's Battlesphere
 12415 | D:11     | Found an ornate altar of the Wu Jian Council.
 12481 | Lair:1   | Entered Level 1 of the Lair of Beasts
 13876 | Lair:1   | Slain by a cane toad

Illustrated notes

Levels and vault maps discovered:
D:1:      dpeg_arrival_renting, layout_loops_ring, kennysheep_another_room
D:2:      layout_rooms, nicolae_ashenzari_panopticon, lemuel_doored_altar,
          hangedman_decor_slide_cut
D:3:      layout_basic, dancing_weapons_uskayaw,
          chequers_temple_overflow_statue_of_worship
D:4:      layout_basic, grunt_temple_overflow_order_and_chaos_2,
          marbit_many_paths, lemuel_coloured_pillars_altar, doesnt_xom_only_xom,
          minmay_mini_ossuary
D:5:      layout_basic, gammafunk_ghost_split, serial_shops, nicolae_shop_stone
D:6:      layout_loops_ring
D:7:      layout_loops_cross, overflow_temple_1_default,
          nicolae_overflow_crystal_walls, serial_shops, shop
D:8:      layout_basic, nicolae_overflow_hidden_temple, kennysheep_mini_moat,
          enter_ossuary_1, uniq_prince_ribbit1, uniq_maggie
D:9:      layout_grid_maze, old_standard_altar
D:10:     minmay_sliced_demisemicircle, layout_loops_ring, lair_entry_dummy,
          serial_shops, nicolae_shop_statue_plus, kennysheep_generic_room_13,
          uniq_urug, uniq_snorg
D:11:     layout_loops_ring, orc_0_dummy, basic_altar, uniq_fannar, uniq_maurice
Temple:   corrupted_temple
Lair:1:   layout_regular_city, hangedman_lair_generics_rect

Skill      XL: |  1  2  3  4  5  6  7  8  9 10 11 |
---------------+----------------------------------+-----
Transmutations | 2 3 |  3.9
Air Magic      | 1 2 |  2.8
Poison Magic   | 4 5 6 7 8 |  8.2
Spellcasting   | 3 4 5 6 7 |  7.0
Earth Magic    | 1 2 4 |  4.3
Conjurations   | 1 2 5 6 8 |  8.0
Fire Magic     | 1 2 3 |  3.0
Fighting       | 2 3 4 |  4.7
Staves         | 2 5 6 |  6.4
Dodging        | 2 3 4 |  4.5
Evocations     | 2 5 6 |  6.3
Stealth        | |  1.7

Action                   |  1- 3 |  4- 6 |  7- 9 | 10-12 || total
-------------------------+-------+-------+-------+-------++-------
Melee: Unarmed           |    22 |       |       |       ||    22
       Tailslap          |     3 |    11 |    32 |     7 ||    53
       Dagger            |    32 |    21 |       |       ||    53
       Spear             |       |   120 |   119 |       ||   239
       Flail             |       |     4 |   114 |       ||   118
       Staff             |       |       |    23 |    82 ||   105
       Long sword        |       |       |     6 |       ||     6
       Kick              |       |       |       |    17 ||    17
 Cast: Sting             |    39 |    20 |     1 |     2 ||    62
       Poisonous Vapours |     5 |    37 |    44 |    13 ||    99
       Sandblast         |       |    18 |    47 |    38 ||   103
       Ignite Poison     |       |       |    32 |    35 ||    67
       Olgreb's Toxic Ra |       |       |    12 |    15 ||    27
       Mephitic Cloud    |       |       |     7 |    16 ||    23
       Iskenderun's Myst |       |       |       |    12 ||    12
       Iskenderun's Batt |       |       |       |     3 ||     3
Evoke: Staff of Olgreb   |       |       |     1 |       ||     1
       Wand              |       |       |       |     3 ||     3
  Use: Potion            |     2 |     6 |       |     5 ||    13
       Scroll            |       |     4 |    16 |     3 ||    23
 Stab: Sleeping          |       |     3 |     6 |       ||     9
       Distracted        |       |       |     2 |       ||     2
Armor: Skin              |    24 |    44 |   126 |    44 ||   238
Dodge: Dodged            |    44 |   101 |   157 |    86 ||   388
       Rpst.: Long sword |       |       |     1 |       ||     1

Table legend: (Time is in decaauts)
 A = Elapsed time spent in this place.
 B = Non-inter-level travel time spent in this place.
 C = Inter-level travel time spent in this place.
 D = Time resting spent in this place.
 E = Time spent auto-exploring this place.
 F = Levels seen in this place.
 G = Mean time per level.
                   A        B        C        D        E       F      G
               +--------+--------+--------+--------+--------+-----+--------+
         Total |  13912 |  13641 |    271 |   4563 |   6570 |  14 |  993.7 |
       Dungeon |  11849 |  11578 |    271 |   3541 |   6060 |  11 | 1077.2 |
        Temple |    398 |    398 |      0 |    392 |      0 |   1 |  398.0 |
          Lair |   1144 |   1144 |      0 |    483 |    471 |   1 | 1144.0 |
       Ossuary |    520 |    520 |      0 |    147 |     39 |   1 |  520.0 |
               +--------+--------+--------+--------+--------+-----+--------+

Top non-repeatable levels by time:
     D:4: 1987 daAuts
    D:10: 1560 daAuts
     D:1: 1415 daAuts
     D:5: 1364 daAuts
     D:2: 1150 daAuts
  Lair:1: 1144 daAuts
     D:7: 965 daAuts
     D:3: 897 daAuts
     D:8: 889 daAuts
     D:9: 885 daAuts
     D:6: 677 daAuts
 Ossuary: 520 daAuts
  Temple: 398 daAuts
    D:11: 56 daAuts
